Map: [ESL] Waterfall

Players

MaxPax - Winner!

  • Race: Protoss Protoss
  • Spawn Location: 7:00

NightPhoenix

  • Race: Protoss Protoss
  • Spawn Location: 1:00

Event: DreamHack SC2 Masters 2022 Atlanta (Online)

VOD

Have the link to the VOD?

Description

Time

  • Played on: Oct. 2, 2022, 11:43 a.m.
  • Length: 8:42

All games in this series

Show
View Real Time Build Order
Export as new Build Order

MaxPax Protoss - Winner!

Build Orders: Oracle Opening 

Get SALT Encoding   

  12  0:00  Probe  
  13  0:12  Probe  
  14  0:18  Pylon  
  14  0:24  Probe  
  15  0:36  Probe (Chrono Boost)  
  15  0:37  Gateway  
  16  0:47  Probe (Chrono Boost), Assimilator  
  17  0:52  Probe (Chrono Boost)  
  18  1:03  Probe  
  19  1:15  Probe (Chrono Boost)  
  19  1:16  Assimilator, Pylon  
  20  1:24  Cybernetics Core  
  20  1:25  Probe (Chrono Boost)  
  21  1:30  Probe (Chrono Boost)  
  24  1:41  Probe  
  25  1:47  Zealot  
  25  1:53  Probe  
  26  2:01  Stargate  
  26  2:07  Probe  
  27  2:08  Warp Gate  
  27  2:18  Stalker  
  27  2:22  Pylon  
  29  2:27  Pylon  
  29  2:41  Nexus  
  29  2:47  Oracle (Chrono Boost)  
  32  2:55  Shield Battery  
  32  3:02  Probe  
  34  3:18  Probe  
  37  3:20  Void Ray (Chrono Boost)  
  37  3:26  Stalker  
  39  3:33  Shield Battery  
  39  3:42  Gateway  
  39  4:00  Probe, Void Ray (Chrono Boost)  
  44  4:07  Stalker  
  46  4:20  Robotics Facility  
  46  4:22  Shield Battery  
  46  4:27  Pylon  
  46  4:39  Stalker  
  46  4:40  Stalker  
  46  4:45  Shield Battery  
  50  4:48  Probe  
  52  5:04  Zealot, Stalker  
  53  5:15  Immortal (Chrono Boost)  
  53  5:27  Zealot, Stalker  
  57  5:38  Gateway  
  57  5:40  Pylon  
  58  5:49  Immortal (Chrono Boost)  
  55  5:55  Sentry  
  59  5:59  Shield Battery  
  59  6:15  Probe  
  56  6:18  Immortal (Chrono Boost)  
  56  6:24  Stalker  
  54  6:32  Gateway  
  54  6:38  Stalker  
  54  6:44  Probe x2  
  56  6:48  Stalker  
  58  7:00  Immortal (Chrono Boost)  
  58  7:07  Stalker  
  64  7:17  Stalker  
  63  7:23  Probe  
  63  7:25  Probe  
  63  7:31  Stalker  
  65  7:38  Stalker  
  67  7:44  Probe x2  
  67  7:45  Pylon  
  67  7:48  Assimilator  
  67  7:49  Observer (Chrono Boost)  
  70  8:01  Pylon  
  68  8:05  Stalker  
  69  8:13  Probe  
  69  8:14  Probe  
  70  8:22  Pylon  
  70  8:25  Probe  
  70  8:26  Probe  
  70  8:30  Twilight Council  
  66  8:36  Stalker  
Show
View Real Time Build Order
Export as new Build Order

NightPhoenix Protoss 

Build Orders: Blink Stalkers 

Get SALT Encoding   

  12  0:00  Probe  
  13  0:12  Probe  
  14  0:18  Pylon  
  14  0:24  Probe (Chrono Boost)  
  15  0:37  Gateway  
  15  0:38  Probe (Chrono Boost)  
  16  0:43  Probe (Chrono Boost)  
  16  0:47  Assimilator  
  17  0:53  Probe  
  17  0:55  Assimilator  
  18  1:05  Probe (Chrono Boost)  
  18  1:08  Gateway  
  19  1:15  Probe (Chrono Boost)  
  20  1:20  Probe (Chrono Boost)  
  20  1:25  Cybernetics Core  
  21  1:31  Probe  
  22  1:36  Pylon  
  22  1:43  Probe  
  23  1:56  Pylon  
  23  2:05  Stalker  
  23  2:07  Stalker  
  27  2:10  Warp Gate  
  28  2:16  Pylon  
  28  2:28  Pylon  
  28  2:35  Stalker  
  29  2:37  Stalker  
  31  2:44  Twilight Council  
  31  2:52  Shield Battery  
  31  2:55  Pylon  
  31  3:09  Gateway  
  31  3:15  Blink (Chrono Boost)  
  31  3:27  Gateway  
  31  3:45  Probe  
  30  3:57  Probe, Stalker x2  
  35  4:07  Stalker  
  37  4:21  Stalker x2  
  41  4:25  Stalker  
  43  4:33  Stalker  
  45  4:40  Pylon  
  45  4:48  Stalker  
  47  5:01  Stalker  
  47  5:05  Stalker  
  50  5:20  Stalker  
  52  5:23  Stalker  
  54  5:35  Pylon  
  54  5:57  Stalker x3  
  60  6:04  Stalker  
  48  6:22  Stalker  
  48  6:23  Stalker  
  46  6:27  Stalker  
  46  6:41  Stalker  
  48  6:48  Adept  
  48  6:49  Adept  
  52  7:00  Stalker  
  54  7:04  Sentry  
  56  7:13  Sentry  
  54  7:25  Sentry  
  48  7:41  Adept x2  
  52  7:48  Stalker  
  54  8:03  Stalker  
  52  8:16  Stalker  
  46  8:33  Stalker  
Tags
 
Add a new tag
Caveats
  • Supply blocks, unpowered buildings, or Contaminate may cause inaccurate times.
  • Supply counts are checked every 10 seconds.